 Dungeon Crawl Stone Soup version 0.30.0-30-g96aa6591b8 (webtiles) character file.

Game seed: 13207561094457793644

92 ces the Sneak (level 4, -2/21 HPs)
             Began as a Spriggan Enchanter on June 27, 2023.
             Slain by an orc
             ... wielding a +0 club
              (4 damage)
             ... on level 3 of the Dungeon.
             The game lasted 00:06:42 (3278 turns).

ces the Sneak (Spriggan Enchanter)                  Turns: 3278, Time: 00:06:43

Health: -2/21      AC:  2    Str:  4    XL:     4   Next: 35%
Magic:  9/9        EV: 17    Int: 16    God:
Gold:   153        SH:  0    Dex: 17    Spells: 8/8 levels left

rFire   . . .        a - +2 dagger
rCold   . . .        (no shield)
rNeg    . . .        b - +0 robe
rPois   .            (helmet restricted)
rElec   .            (no cloak)
rCorr   .            (gloves unavailable)
SInv    +            (boots unavailable)
Will    .....        (no amulet)
Stlth   ++++         (no ring)
HPRegen 0.23/turn    (no ring)
MPRegen 0.11/turn

%: no passive effects
@: brilliant, very quick
A: very small, no large weapons, unfitting armour, see invisible, speed 3
a: no special abilities


You were on level 3 of the Dungeon.
You visited 1 branch of the dungeon, and saw 4 of its levels.

You collected 153 gold pieces.

Inventory:

Hand Weapons
 a - a +2 dagger (weapon)
Armour
 b - a +0 robe (worn)
Scrolls
 h - 2 scrolls of silence
 i - a scroll of identify
 j - 2 scrolls of vulnerability
 l - a scroll of amnesia {unknown}
Potions
 c - 2 potions of invisibility
 d - a potion of curing {unknown}
 e - a potion of degeneration {unknown}
 f - a potion of flight {unknown}
 g - a potion of brilliance
 k - a potion of attraction {unknown}


   Skills:
 - Level 0.3 Fighting
 + Level 1.4 Short Blades
 - Level 2.6 Dodging
 + Level 7.8 Stealth
 - Level 2.6 Spellcasting
 - Level 3.6 Hexes


You had 8 spell levels left.
You didn't know any spells.
Your spell library contained the following spells:

 Spells                   Type           Power      Damage    Failure   Level
 Confusing Touch          Hex            20%        N/A       13%         3
 Tukima's Dance           Hex            20%        N/A       13%         3
 Ensorcelled Hibernation  Hex/Ice        22%        N/A       14%         2
 Sandblast                Erth           6%         2d5       19%         1
 Passwall                 Tmut/Erth      2%         N/A       28%         2
 Dazzling Flash           Conj/Hex       22%        N/A       28%         3
 Stone Arrow              Conj/Erth      6%         3d7       50%         3
 Swiftness                Air            3%         N/A       50%         3


Dungeon Overview and Level Annotations

Branches:
Dungeon (4/15)
 Temple: D:4-7

Altars:
Hepliaklqana

Annotations:
D:2 Robin


Innate Abilities, Weirdness & Mutations

You are very small and have problems with some larger weapons.
You are too small for most types of armour.
You have supernaturally acute eyesight. (SInv)
You cover ground extremely quickly. (Speed+++)


Message History

You hit the orc. Your punch misses the orc.
The orc is severely wounded.
The orc hits you but does no damage.
You hit the orc.
You kill the orc!
No target in view!
No target in view!
You start resting.
HP restored.
You start waiting.
Done waiting.
You climb downwards.
The orc closely misses you. The orc misses you. The orc completely misses you.
There is a stone staircase leading up here.
The orc completely misses you.
You climb upwards.
There is a stone staircase leading down here.
You barely miss the orc. You barely miss the orc.
The orc hits you with a +0 mace. The orc misses you.
You closely miss the orc. The orc completely misses you.
The orc hits you with a +0 club.
You hit the orc but do no damage. The orc misses you.
The orc hits you with a +0 mace.
You hit the orc.
The orc is moderately wounded.
The orc closely misses you. x2
You hit the orc but do no damage.
The orc is moderately wounded.
The orc completely misses you. The orc hits you with a +0 mace.
* * * LOW HITPOINT WARNING * * *
As you read the scroll labelled JITIEMPUMOT, it crumbles to dust.
It is a scroll of identify.
j - 2 scrolls of vulnerability The orc hits you with a +0 mace.
* * * LOW HITPOINT WARNING * * *
The orc closely misses you.
It was a potion of brilliance.
You feel clever all of a sudden. The orc closely misses you.
The orc hits you with a +0 club.
You die...

# ##'## #.# #..... #
#.# #.# ###### # #.#
#.# # # ##.## #.#
#### # ##...#######
#.# #...
#####..........# #.#
#.## ##.......#.....#
#.# #.##
......#..#.###.####.#
#.##
##.##.#..#.#...o@o..#
#.##
#.##........#.######
#.## #.####..#.###.#
#.## #.####..#.....#
#... #.......#.###.#
#### ######.#......#
###### #......#.#####
#.....
###...##.#.#...#
#.#### #
#..............#
#.####


You could see 2 orcs.

Vanquished Creatures
  An adder (D:3)
  A worm (D:3)
  A dart slug (D:1)
  6 orcs (D:3)
  8 endoplasms
  3 giant cockroaches
  10 goblins
  7 hobgoblins
  2 quokkas
  9 ball pythons
  6 bats
  4 frilled lizards
  4 kobolds
  A rat (D:1)
  A spectral goblin (D:3)
64 creatures vanquished.

Notes
Turn   | Place    | Note
-------+----------+-------------------------------------------
     0 | D:1      | ces the Spriggan Enchanter began the quest for the Orb.
     0 | D:1      | Reached XP level 1. HP: 9/9 MP: 5/5
   209 | D:1      | Reached skill level 5 in Stealth
   233 | D:1      | Reached XP level 2. HP: 13/13 MP: 6/6
   468 | D:1      | Reached skill level 6 in Stealth
   808 | D:1      | Reached XP level 3. HP: 14/16 MP: 8/8
  1232 | D:2      | Noticed Robin
  1408 | D:3      | Found a hazy altar of Hepliaklqana.
  2014 | D:2      | Reached skill level 7 in Stealth
  2568 | D:3      | Reached XP level 4. HP: 21/21 MP: 9/9
  3278 | D:3      | Slain by an orc

Illustrated notes

Levels and vault maps discovered:
D:1:      enne_arrival_octagon_isle, layout_loops_corners
D:2:      layout_loops_ring, uniq_crazy_yiuf_cottage, uniq_robin
D:3:      layout_loops_corners, nicolae_hepliaklqana_monster_ancestors,
          nrook_mini_backslash
D:4:      layout_layer_cave, minitemple, marbit_many_paths, minivault_25,
          uniq_sigmund

Skill      XL: |  1  2  3 |
---------------+----------+-----
Stealth        | 5 6 7 |  7.8
Fighting       | |  0.3
Short Blades   | |  1.4
Dodging        | |  2.6
Spellcasting   | |  2.6
Hexes          | |  3.6

Action                     |  1- 3 |  4- 6 || total
---------------------------+-------+-------++-------
  Melee: Dagger            |   166 |    67 ||   233
         Punch             |     3 |       ||     3
    Use: Scroll            |     4 |     1 ||     5
         Potion            |       |     1 ||     1
   Stab: Sleeping          |    26 |     2 ||    28
 Armour: Robe              |    11 |     3 ||    14
  Dodge: Dodged            |    96 |    44 ||   140
